General information
- name: BNet
- type: Ladder team game (AT/RT)
- host: Battle.net
- saver: dontfukwme
map: Cherryville
- players: 8
- length: 14:02
- speed: Fast
- version: 1.27 W3XP
- replay type: Public
» download(100 KB)
Players
team 1 (winner)
timhortons (
yellow | 159 APM | 2181 actions | 13:41)
4 Death Knight
2 Unholy Aura
2 Death Coil
3 Naga Sea Witch
1 Frost Arrows
2 Forked Lightning
1 Lich
1 Frost Nova
» actions
| Assign group hotkey | 37 | |
| Basic commands | 29 | |
| Build / train | 80 | |
| Enter build submenu | 16 | |
| Enter hero's abilities submenu | 8 | |
| Give item / drop item | 5 | |
| Remove unit from queue | 1 | |
| Right click | 1237 | |
| Select / deselect | 328 | |
| Select group hotkey | 389 | |
| Use ability | 51 | |
2181 total
» units
» upgrades
| Unholy Strength | 3 | |
| Ghoul Frenzy | 1 | |
4 total
» buildings
| Crypt | 4 | |
| Altar of Darkness | 1 | |
| Ziggurat | 6 | |
| Tomb of Relics | 1 | |
| Graveyard | 1 | |
| Halls of the Dead | 3 | |
| Nerubian Tower | 3 | |
| Necropolis | 1 | |
| Black Citadel | 5 | |
| Spirit Tower | 1 | |
26 total
» build order
00:23 Crypt
00:25 Altar of Darkness
00:29 Ziggurat
00:51 Tomb of Relics
01:22 Ziggurat
02:36 Graveyard
04:03 Halls of the Dead
04:03 Halls of the Dead
04:06 Ziggurat
04:22 Nerubian Tower
05:27 Necropolis
07:41 Black Citadel
07:41 Black Citadel
08:53 Ziggurat
08:54 Ziggurat
09:04 Crypt
09:05 Crypt
09:59 Crypt
10:41 Spirit Tower
10:41 Nerubian Tower
12:55 Ziggurat
» items
| Rod of Necromancy | 1 | |
| Orb of Corruption | 1 | |
2 total
Pheow3 (
blue | 41 APM | 566 actions | 13:41)
5 Death Knight
3 Death Coil
2 Unholy Aura
» actions
| Assign group hotkey | 23 | |
| Basic commands | 1 | |
| Build / train | 39 | |
| ESC pressed | 2 | |
| Enter build submenu | 17 | |
| Enter hero's abilities submenu | 5 | |
| Give item / drop item | 2 | |
| Right click | 198 | |
| Select / deselect | 79 | |
| Select group hotkey | 171 | |
| Use ability | 29 | |
566 total
» units
| Acolyte | 13 | |
| Ghoul | 6 | |
| Frost Wyrm | 4 | |
23 total
» upgrades
» buildings
| Crypt | 1 | |
| Ziggurat | 7 | |
| Altar of Darkness | 1 | |
| Halls of the Dead | 5 | |
| Necropolis | 2 | |
| Graveyard | 1 | |
| Black Citadel | 1 | |
| Sacrificial Pit | 1 | |
| Boneyard | 3 | |
| Tomb of Relics | 2 | |
24 total
» build order
00:05 Crypt
00:06 Ziggurat
00:34 Altar of Darkness
01:31 Ziggurat
03:13 Halls of the Dead
03:13 Halls of the Dead
03:14 Halls of the Dead
04:12 Necropolis
04:21 Graveyard
05:35 Black Citadel
05:38 Sacrificial Pit
08:09 Boneyard
08:09 Boneyard
08:11 Boneyard
08:12 Ziggurat
08:13 Ziggurat
08:14 Ziggurat
08:15 Ziggurat
08:17 Tomb of Relics
10:03 Ziggurat
10:04 Tomb of Relics
10:11 Necropolis
» items
| Orb of Corruption | 1 | |
| Potion of Healing | 1 | |
| Potion of Mana | 1 | |
3 total
dontfukwme (
purple | 24 APM | 342 actions | 14:02)
1 Blood Mage
1 Banish
» actions
| Assign group hotkey | 9 | |
| Build / train | 32 | |
| Enter build submenu | 17 | |
| Enter hero's abilities submenu | 1 | |
| Remove unit from queue | 1 | |
| Right click | 97 | |
| Select / deselect | 110 | |
| Select group hotkey | 38 | |
| Use ability | 37 | |
342 total
» units
» upgrades
| Gunpowder | 3 | |
| Armor | 3 | |
| Flare | 1 | |
| Fragmentation Shards | 1 | |
8 total
» buildings
| Lumber Mill | 2 | |
| Farm | 8 | |
| Altar of Kings | 1 | |
| Blacksmith | 1 | |
| Keep | 1 | |
| Castle | 2 | |
| Workshop | 4 | |
19 total
» build order
00:30 Lumber Mill
01:50 Lumber Mill
01:53 Farm
01:54 Altar of Kings
02:28 Blacksmith
02:43 Farm
04:14 Keep
06:38 Castle
06:38 Castle
06:41 Workshop
06:46 Workshop
06:49 Workshop
06:51 Workshop
07:15 Farm
07:18 Farm
07:20 Farm
07:22 Farm
07:23 Farm
07:32 Farm
» items
| Potion of Healing | 1 | |
| Scroll of Town Portal | 1 | |
2 total

»
bsanc23 (
green | 28 APM | 382 actions | 13:41)
2 Archmage
1 Summon Water Elemental
1 Brilliance Aura
» actions
| Build / train | 32 | |
| Enter build submenu | 23 | |
| Enter hero's abilities submenu | 2 | |
| Right click | 123 | |
| Select / deselect | 167 | |
| Use ability | 35 | |
382 total
» units
» upgrades
| Lumber Harvesting | 1 | |
| Masonry | 1 | |
| Storm Hammers | 1 | |
| Armor | 1 | |
| Swords | 1 | |
5 total
» buildings
| Altar of Kings | 1 | |
| Farm | 11 | |
| Scout Tower | 5 | |
| Arcane Tower | 2 | |
| Lumber Mill | 1 | |
| Arcane Vault | 1 | |
| Keep | 1 | |
| Guard Tower | 3 | |
| Blacksmith | 1 | |
| Gryphon Aviary | 2 | |
| Castle | 1 | |
29 total
» build order
00:10 Altar of Kings
00:16 Farm
01:01 Farm
01:08 Scout Tower
01:37 Arcane Tower
01:40 Scout Tower
01:58 Lumber Mill
02:16 Arcane Tower
03:05 Arcane Vault
03:07 Keep
03:37 Farm
04:24 Scout Tower
04:29 Farm
04:59 Guard Tower
05:13 Blacksmith
05:19 Farm
05:32 Gryphon Aviary
06:32 Farm
06:56 Castle
07:13 Scout Tower
07:52 Guard Tower
07:56 Scout Tower
08:27 Guard Tower
08:34 Farm
09:10 Gryphon Aviary
09:17 Farm
10:06 Farm
11:19 Farm
12:12 Farm
team 2 (loser)

»
Intrigue (
red | 72 APM | 958 actions | 13:21)
3 Archmage
2 Summon Water Elemental
1 Brilliance Aura
2 Mountain King
1 Storm Bolt
1 Bash
» actions
| Assign group hotkey | 49 | |
| Build / train | 54 | |
| ESC pressed | 1 | |
| Enter build submenu | 22 | |
| Enter hero's abilities submenu | 5 | |
| Remove unit from queue | 3 | |
| Right click | 368 | |
| Select / deselect | 138 | |
| Select group hotkey | 274 | |
| Use ability | 44 | |
958 total
» units
| Peasant | 14 | |
| Footman | 8 | |
| Sorceress | 2 | |
| Spell Breaker | 3 | |
| Priest | 4 | |
31 total
» upgrades
» buildings
| Altar of Kings | 1 | |
| Farm | 10 | |
| Barracks | 1 | |
| Lumber Mill | 1 | |
| Scout Tower | 4 | |
| Arcane Tower | 2 | |
| Town Hall | 1 | |
| Keep | 1 | |
| Arcane Vault | 1 | |
| Guard Tower | 2 | |
| Arcane Sanctum | 2 | |
| Castle | 1 | |
27 total
» build order
00:08 Altar of Kings
00:37 Farm
00:50 Farm
01:36 Farm
01:51 Barracks
01:55 Lumber Mill
02:06 Farm
02:49 Scout Tower
03:18 Arcane Tower
04:05 Town Hall
04:08 Scout Tower
04:19 Keep
05:03 Arcane Tower
05:10 Arcane Vault
05:29 Scout Tower
05:34 Scout Tower
05:58 Guard Tower
06:02 Guard Tower
06:35 Farm
06:37 Farm
06:45 Arcane Sanctum
06:51 Arcane Sanctum
09:04 Castle
11:52 Farm
11:56 Farm
11:59 Farm
12:03 Farm
» items
| Scroll of Regeneration | 2 | |
| Scroll of Town Portal | 1 | |
3 total

»
033080 (
orange | 59 APM | 804 actions | 13:41)
4 Far Seer
2 Feral Spirit
2 Chain Lighting
1 Shadow Hunter
1 Healing Wave
» actions
| Assign group hotkey | 34 | |
| Basic commands | 52 | |
| Build / train | 64 | |
| ESC pressed | 2 | |
| Enter build submenu | 18 | |
| Enter hero's abilities submenu | 5 | |
| Give item / drop item | 4 | |
| Right click | 183 | |
| Select / deselect | 165 | |
| Select group hotkey | 225 | |
| Use ability | 51 | |
804 total
» units
| Peon | 10 | |
| Troll Headhunter/Berserker | 8 | |
| Demolisher | 3 | |
| Shaman | 2 | |
23 total
» upgrades
| Ranged Weapons | 1 | |
| Troll Regeneration | 1 | |
| Shaman Training | 2 | |
| Armor | 1 | |
| Berserker Upgrade | 1 | |
| Burning Oil | 1 | |
7 total
» buildings
| Altar of Storms | 1 | |
| Orc Burrow | 4 | |
| War Mill | 1 | |
| Barracks | 2 | |
| Voodoo Lounge | 1 | |
| Watch Tower | 5 | |
| Stronghold | 1 | |
| Spirit Lodge | 1 | |
| Fortress | 1 | |
| Great Hall | 1 | |
18 total
» build order
00:19 Altar of Storms
00:26 Orc Burrow
00:53 War Mill
01:12 Barracks
01:54 Orc Burrow
02:06 Voodoo Lounge
02:23 Watch Tower
03:04 Orc Burrow
03:43 Stronghold
05:31 Orc Burrow
06:32 Spirit Lodge
06:58 Barracks
08:34 Fortress
10:00 Great Hall
10:14 Watch Tower
10:23 Watch Tower
11:40 Watch Tower
11:44 Watch Tower
» items
| Scroll of Speed | 2 | |
| Healing Salve | 3 | |
| Lesser Clarity Potion | 3 | |
| Scroll of Town Portal | 1 | |
9 total
SolInvictus (
teal | 42 APM | 568 actions | 13:37)
2 Archmage
1 Summon Water Elemental
1 Brilliance Aura
1 Blood Mage
1 Flame Strike
» actions
| Assign group hotkey | 12 | |
| Basic commands | 21 | |
| Build / train | 42 | |
| Enter build submenu | 23 | |
| Enter hero's abilities submenu | 3 | |
| Remove unit from queue | 3 | |
| Right click | 257 | |
| Select / deselect | 145 | |
| Select group hotkey | 18 | |
| Use ability | 44 | |
568 total
» units
| Peasant | 20 | |
| Rifleman | 4 | |
| Dragonhawk Rider | 1 | |
25 total
» upgrades
» buildings
| Altar of Kings | 1 | |
| Barracks | 1 | |
| Farm | 14 | |
| Blacksmith | 1 | |
| Keep | 1 | |
| Town Hall | 1 | |
| Arcane Vault | 1 | |
| Lumber Mill | 2 | |
| Gryphon Aviary | 3 | |
| Scout Tower | 1 | |
| Guard Tower | 1 | |
27 total
» build order
00:31 Altar of Kings
00:46 Barracks
01:25 Farm
01:27 Farm
02:27 Blacksmith
03:08 Farm
04:13 Farm
04:18 Farm
04:19 Farm
04:20 Farm
05:12 Keep
05:18 Town Hall
05:36 Arcane Vault
06:08 Farm
06:11 Farm
06:15 Farm
07:31 Lumber Mill
09:25 Farm
09:40 Lumber Mill
09:50 Gryphon Aviary
09:56 Gryphon Aviary
10:04 Gryphon Aviary
12:28 Scout Tower
12:39 Farm
12:40 Farm
12:43 Farm
13:14 Guard Tower
» items
KillYourTime (
pink | 32 APM | 419 actions | 13:04)
3 Archmage
2 Summon Water Elemental
1 Brilliance Aura
» actions
| Basic commands | 7 | |
| Build / train | 40 | |
| Enter build submenu | 19 | |
| Enter hero's abilities submenu | 4 | |
| Remove unit from queue | 1 | |
| Right click | 199 | |
| Select / deselect | 121 | |
| Use ability | 28 | |
419 total
» units
| Peasant | 8 | |
| Goblin Shredder | 1 | |
| Priest | 2 | |
| Knight | 3 | |
| Spell Breaker | 2 | |
| Rifleman | 3 | |
19 total
» upgrades
| Masonry | 2 | |
| Swords | 2 | |
| Priest Training | 1 | |
| Plating | 2 | |
| Animal War Training | 1 | |
8 total
» buildings
| Lumber Mill | 1 | |
| Farm | 7 | |
| Altar of Kings | 1 | |
| Scout Tower | 2 | |
| Guard Tower | 5 | |
| Keep | 1 | |
| Blacksmith | 1 | |
| Arcane Vault | 1 | |
| Castle | 1 | |
| Arcane Sanctum | 1 | |
| Barracks | 1 | |
| Town Hall | 2 | |
| Gryphon Aviary | 1 | |
25 total
» build order
00:18 Lumber Mill
00:25 Farm
00:57 Altar of Kings
01:07 Scout Tower
01:37 Guard Tower
02:02 Scout Tower
02:24 Keep
02:35 Farm
02:39 Guard Tower
02:40 Guard Tower
02:40 Guard Tower
03:04 Blacksmith
03:34 Arcane Vault
04:47 Castle
04:50 Arcane Sanctum
05:02 Barracks
06:12 Farm
06:19 Farm
06:53 Farm
07:34 Farm
08:54 Farm
10:10 Town Hall
10:57 Gryphon Aviary
11:48 Town Hall
» items
Chat log
(00:11 / All) timhortons: gl hf
(00:48 / Allies) bsanc23: going to mass air
(04:50 / Allies) dontfukwme: lol
(05:33 / Allies) dontfukwme: ghoul mastar over here
(06:14 / Allies) dontfukwme: creepin is for bitches n losars
(08:19 / Allies) dontfukwme: lol
(08:26 / Allies) dontfukwme: yellow demolishing all dem heroes
(08:33 / Allies) dontfukwme: lolll
(08:52 / Allies) dontfukwme: amazing shit
(09:04 / Allies) Pheow3: help me
(09:18 / Allies) dontfukwme: mmmm use ur goul
(09:20 / Allies) dontfukwme: and tower up
(09:22 / Allies) dontfukwme: hurry
(09:24 / Allies) dontfukwme: u can do this blue
(09:35 / Allies) timhortons: coil me
(10:16 / Allies) bsanc23: wood?
(10:43 / Allies) dontfukwme: hey yellow watch this
(10:45 / Allies) dontfukwme: this is how its done
(10:51 / Allies) timhortons: rofl
(10:56 / Allies) dontfukwme: none of that bullshit creeping around shit
(11:56 / Allies) dontfukwme: come yellow
(13:22 / Allies) dontfukwme: see yellow
(13:24 / Allies) dontfukwme: this is how its done
(13:26 / Allies) bsanc23: gg